AoeStats
← Sameisens

Arena

505915556Analyzed
2v2 RM · 20d ago on Sep 11, 2026· 50m 42s· 4 players
Game mode
Random Map
Map size
Medium (4 player)
Population
200
Speed
Normal
Resources
Standard
Victory
Conquest
Starting age
Dark Age
Ending age
Imperial Age
RankedLock teamsTeams togetherTeam positionsShared explorationLock speedFull tech treeHidden civsTurbo modeCheats
Victory
Defeat
🇺🇦 Teutons · Ukraine
596
+12
🇲🇽 Inca · Mexico
555
+14
🇹🇷 Wei · Türkiye
529
-13
🇺🇸 Celts · United States
497
-13
JohnnyLesh
0:30 Loom
10:21 Feudal Age
11:38 Wheelbarrow
10:51 Double-Bit Axe
12:57 Horse Collar
13:19 Gold Mining
14:20 Town Watch
15:09 Stone Mining
20:56 Castle Age
21:37 Castle Age
20:40 Arson
21:12 Scale Mail Armor
22:58 Hand Cart
23:04 Bow Saw
23:57 Heavy Plow
25:08 Coinage
27:02 Town Patrol
27:39 Stone Shaft Mining
27:30 Man-at-Arms
29:32 Forging
29:38 Chain Mail Armor
35:27 Imperial Age
33:00 Caravan
37:27 Parthian Tactics
37:35 Padded Archer Armor
37:25 Fletching
37:41 Scale Barding Armor
38:12 Iron Casting
38:26 Gold Shaft Mining
38:23 Banking
38:50 Bodkin Arrow
40:00 Chemistry
40:34 Ming Guang Armor
41:52 Pikeman
42:32 Squires
43:45 Chain Barding Armor
44:26 Blast Furnace
44:28 Ballistics
44:04 Murder Holes
44:45 Elite Tiger Cavalry
49:27 Halberdier
Sameisens
5:48 Loom
10:53 Feudal Age
11:18 Horse Collar
11:26 Double-Bit Axe
11:31 Town Watch
13:24 Wheelbarrow
18:46 Gold Mining
19:52 Arson
19:28 Man-at-Arms
23:50 Castle Age
22:41 Scale Mail Armor
22:52 Forging
23:04 Stone Mining
25:55 Heavy Plow
26:45 Bow Saw
27:03 Gambesons
27:03 Long Swordsman
27:50 Crossbowman
29:38 Hand Cart
30:22 Gold Shaft Mining
30:33 Stone Shaft Mining
31:47 Chain Mail Armor
33:30 Iron Casting
33:20 Fletching
33:31 Padded Archer Armor
33:07 Pikeman
35:02 Caravan
35:56 Stronghold
41:26 Bodkin Arrow
45:07 Ballistics
jsusdgz
8:10 Loom
11:42 Feudal Age
12:14 Double-Bit Axe
12:10 Horse Collar
19:42 Castle Age
19:03 Gold Mining
19:40 Champi Runner
21:53 Champi Warrior
32:18 Imperial Age
33:28 Forging
33:08 Fletching
33:19 Padded Archer Armor
32:45 Crossbowman
33:55 Arbalester
35:53 Chemistry
36:16 Elite Champi Warrior
39:21 Iron Casting
38:42 Bodkin Arrow
39:03 Leather Archer Armor
40:30 Heavy Scorpion
43:41 Blast Furnace
42:42 Bracer
43:12 Ring Archer Armor
49:35 Scale Mail Armor
Роман Romik[RK]
11:26 Feudal Age
12:10 Double-Bit Axe
14:12 Horse Collar
18:48 Castle Age
17:30 Stone Mining
17:33 Man-at-Arms
19:09 Forging
19:12 Gold Mining
21:10 Bow Saw
21:38 Iron Casting
21:37 Town Watch
23:26 Wheelbarrow
25:20 Fervor
25:02 Fletching
27:33 Stone Shaft Mining
27:27 Hand Cart
31:41 Imperial Age
30:04 Bodkin Arrow
30:56 Scale Mail Armor
31:08 Careening
31:02 Gambesons
32:14 Chain Mail Armor
32:01 Pikeman
33:26 Town Patrol
34:29 Two-Man Saw
34:33 Caravan
35:35 Blast Furnace
35:40 Conscription
35:43 Crenellations
35:03 Elite Skirmisher
36:52 Chemistry
36:29 Squires
36:09 Halberdier
37:49 Ballistics
38:03 Plate Mail Armor
37:40 Scale Barding Armor
39:48 Ironclad
40:00 Elite Teutonic Knight
41:55 Long Swordsman
42:59 Heavy Scorpion
44:19 Heavy Plow
44:44 Chain Barding Armor
44:25 Padded Archer Armor
45:33 Capped Ram
Connection lost

Rejoining the realm…

Still unreachable

The connection could not be restored.

Session expired

The server has moved on; the page needs a fresh start.